 Dungeon Crawl Stone Soup version 0.21.1-1-g345015f (webtiles) character file.

219 Mgcat the Firebug (level 5, 0/28 HPs)
             Began as a Gargoyle Fire Elementalist on Feb 13, 2018.
             Killed by divine providence
             ... invoked by an orc priest
              (14 damage)
             ... on level 4 of the Dungeon.
             The game lasted 00:11:17 (3767 turns).

Mgcat the Firebug (Gargoyle Fire Elementalist)      Turns: 3767, Time: 00:11:18

Health: 0/28       AC:  8    Str: 11    XL:     5   Next: 96%
Magic:  10/10      EV: 12    Int: 16    God:
Gold:   188        SH:  0    Dex: 11    Spells: 3/11 levels left

rFire    x . .     SeeInvis .   l - +4 spear (pierce)
rCold    + . .     Gourm    .   (no shield)
rNeg     + . .     Faith    .   a - +0 robe
rPois    ∞         Spirit   .   d - +2 hat
rElec    +         Reflect  .   (no cloak)
rCorr    .         Harm     .   (no gloves)
MR       .....                  (no boots)
Stlth    +.........             (no amulet)
HPRegen  0.09/turn              (no ring)
MPRegen  0.12/turn              p - ring of ice {rC+, rF-}

@: confused
A: negative energy resistance 1, electricity resistance, unbreathing,
petrification resistance, rot immunity, AC +4
a: no special abilities


You were on level 4 of the Dungeon.
You were hungry.

You visited 1 branch of the dungeon, and saw 4 of its levels.

You collected 188 gold pieces.

Inventory:

Hand Weapons
 e - a -2 short sword
   (You took it off a kobold on level 1 of the Dungeon)
 l - a +4 spear of piercing (weapon)
   (You took it off Robin on level 3 of the Dungeon)
Armour
 a - a +0 robe (worn)
 d - a +2 hat (worn)
   (You found it on level 2 of the Dungeon)
Jewellery
 p - a ring of ice (right hand) {rC+, rF-}
   (You found it on level 3 of the Dungeon)
Wands
 q - a wand of iceblast (11)
   (You found it on level 3 of the Dungeon)
Scrolls
 f - 4 scrolls of teleportation
 g - a scroll of amnesia
 k - a scroll of identify
Potions
 h - a potion of resistance {unknown}
 i - a potion of curing {unknown}
 j - a potion of degeneration {unknown}
 m - 2 potions of lignification {unknown}
 n - a potion of flight {unknown}
 o - a potion of brilliance {unknown}
 r - a potion of magic {unknown}
 s - a potion of cancellation {unknown}
 t - a potion of ambrosia {unknown}
Books
 b - a book of Flames
Comestibles
 c - 6 rations


   Skills:
 - Level 1.5 Dodging
 - Level 2.1 Stealth
 + Level 3.5 Spellcasting
 + Level 3.6 Conjurations
 + Level 4.4 Fire Magic


You had 3 spell levels left.
You knew the following spells:

 Your Spells              Type           Power        Failure   Level  Hunger
a - Flame Tongue          Conj/Fire      ###..        3%          1    None
b - Conjure Flame         Conj/Fire      ###.....     10%         3    ###....
c - Sticky Flame          Conj/Fire      ###.....     32%         4    ####...


Dungeon Overview and Level Annotations

Branches:
Dungeon (4/15)
 Temple: D:4-7

Altars:

Annotations:
D:4 p0werm0de's ghost, amateur DrWz


Innate Abilities, Weirdness & Mutations

You are resistant to torment.
Your stone body is resilient. (AC +4)
You are immune to poison.
You resist negative energy. (rN+)
You are resistant to electric shocks. (rElec)
You can survive without breathing.
You are immune to petrification.
You are immune to rotting.


Message History

The adder skeleton is almost destroyed.
The adder skeleton bites you but does no damage.
You puncture the adder skeleton!
You destroy the adder skeleton!
P0werm0de's ghost (amateur Draconian Wizard) comes into view.
It is wielding a weapon of pain.
P0werm0de's ghost is nearby!
There is a stone staircase leading up here.
You climb upwards.
There is a stone staircase leading down here.
HP restored.
Done exploring.
Done exploring.
Done exploring.
Done exploring.
There is a stone staircase leading down here.
You climb downwards.
Level annotation: p0werm0de's ghost, amateur DrWz 3 gnolls come into view.
The gnoll shouts! x2
The gnoll misses you.
The gnoll hits you from afar with a spear.
An orc priest comes into view. It is wielding a trident.
There is a stone staircase leading up here.
The orc priest looks encouraged for a moment.
The gnoll hits you from afar with a spear.
You climb upwards.
There is a stone staircase leading down here.
You start resting.
You are feeling hungry.
You start resting.
HP restored.
You start resting.
HP restored.
You see here a club.
There is a stone staircase leading down here.
You climb downwards.
Level annotation: p0werm0de's ghost, amateur DrWz 2 orcs come into view.
There is a stone staircase leading up here.
The helpless orc fails to defend itself.
You hit the orc but do no damage. The orc completely misses you.
You hit the orc.
The orc is moderately wounded.
The orc hits you but does no damage.
You closely miss the orc.
The orc is moderately wounded.
The orc hits you but does no damage.
You hit the orc.
You kill the orc!
You see here a chain mail.
An orc comes into view. It is wielding a short sword of venom.
The orc shouts!
You hear a shout!
The orc shouts!
An orc wizard comes into view. It is wielding a dagger.
Attack whom?
Press: ? - help, Dir - move target cursor, f - orc
Aim: an orc, wielding a short sword of venom You reach to attack!
You hit the orc.
You kill the orc!
You hear a shout!
The orc priest miscasts a cantrip.
You barely miss the orc. The orc hits you with a short sword.
You hit the orc wizard.
The orc wizard is heavily wounded.
The orc hits you but does no damage. The orc priest closely misses you.
The orc wizard hits you with a dagger.
You hit the orc wizard.
The orc wizard is severely wounded.
The orc hits you but does no damage. The orc priest closely misses you.
The orc wizard barely misses you.
You barely miss the orc wizard.
The orc wizard is severely wounded.
The orc closely misses you.
The orc wizard gestures at you while chanting.
You are confused.
The orc priest barely misses you.
You are too confused!
You are too confused!
You are too confused!
You are too confused!
You are too confused!
You are too confused!
You are too confused!
You're too confused to cast spells.
You're too confused!
Unknown command.
You bump into the rock wall.
The orc closely misses you.
The orc wizard hits you but does no damage.
The orc priest hits you but does no damage.
You miss the orc wizard.
The orc wizard is severely wounded.
The orc barely misses you.
The orc wizard gestures at you while chanting.
The puff of flame hits you! The fire burns you terribly!
The orc priest closely misses you.
You bump into the rock wall.
The orc misses you. The orc wizard completely misses you.
The orc priest invokes the aid of Beogh against you.
Beogh smites you!
Ouch! That really hurt!
You die...

.......#
.#..... .....
.... ..# #(##
#<.# #[.# #@.#
#oo# $...# o..#
###.#.# ...##
#?#.#.### .....
#.......##....#
#.g............
#..g.....###.!.
#..g.....#


You could see an orc priest, an orc wizard and an orc.

Vanquished Creatures
  An orc priest (D:3)
  An orc wizard (D:3)
  A worker ant (D:4)
  Robin (D:3)
  2 adders (D:2)
  An adder skeleton (D:4)
  2 worms
  2 dart slugs (D:1)
  3 leopard geckos
  9 orcs
  6 bats
  A giant cockroach (D:1)
  9 hobgoblins
  11 jackals (D:3)
  6 kobolds
  2 quokkas
  A ball python (D:1)
  A frilled lizard (D:3)
  16 goblins
  4 rats
80 creatures vanquished.

Notes
Turn   | Place    | Note
-------+----------+-------------------------------------------
     0 | D:1      | Mgcat the Gargoyle Fire Elementalist began the quest for the Orb.
     0 | D:1      | Reached XP level 1. HP: 10/10 MP: 3/3
   322 | D:1      | Reached XP level 2. HP: 15/15 MP: 5/5
  1246 | D:2      | Reached skill level 2 in Conjurations
  1246 | D:2      | Reached XP level 3. HP: 13/19 MP: 4/6
  1742 | D:2      | Reached XP level 4. HP: 7/24 MP: 0/8
  2470 | D:3      | Noticed Robin
  2540 | D:3      | Killed Robin
  2540 | D:3      | Reached skill level 3 in Spellcasting
  2692 | D:3      | Reached skill level 3 in Conjurations
  2723 | D:3      | Reached skill level 4 in Fire Magic
  2745 | D:3      | Reached XP level 5. HP: 17/28 MP: 5/9
  3406 | D:3      | Learned a level 3 spell: Conjure Flame
  3411 | D:3      | Learned a level 4 spell: Sticky Flame
  3485 | D:4      | Noticed p0werm0de's ghost (amateur DrWz)
  3767 | D:4      | Killed from afar by an orc priest

Skill      XL: |  1  2  3  4 |
---------------+-------------+-----
Conjurations   | 2 3 |  3.6
Spellcasting   | 3 |  3.5
Fire Magic     | 4 |  4.4
Dodging        | |  1.5
Stealth        | |  2.1

Action                   |  1- 3 |  4- 6 || total
-------------------------+-------+-------++-------
Melee: Unarmed           |     7 |       ||     7
       Short sword       |   148 |   162 ||   310
       Spear             |       |    33 ||    33
 Cast: Flame Tongue      |    16 |    59 ||    75
  Use: Scroll            |     6 |     4 ||    10
 Stab: Sleeping          |     2 |     4 ||     6
  Eat: Chunk             |     3 |     6 ||     9
Armor: Robe              |    69 |    73 ||   142
Dodge: Dodged            |   113 |   147 ||   260

Vault maps used:
D:1:      minmay_arrival_open_corners, serial_glass, glass_columns_b,
          glass_columns_a
D:2:      serial_glass, glass_columns_c, glass_columns_b, glass_columns_c,
          glass_columns_a, glass_columns_c
D:3:      first_ration, uniq_robin
D:4:      kennysheep_mini_moat, xom_redecorated, minmay_temple_entry_poolview

Table legend:
 A = Turns spent in this place as a percentage of turns spent in the entire game.
 B = Non-inter-level travel turns spent in this place as a percentage of non-inter-level travel turns spent in the entire game.
 C = Inter-level travel turns spent in this place as a percentage of turns spent in this place.
 D = Turns resting spent in this place as a percentage of non-inter-level travel turns spent in this place.
 E = Turns spent auto-exploring this place as a percentage of non-inter-level travel turns spent in this place.
 F = Non-inter-level travel turns spent in this place divided by the number of levels of this place that you've seen.
                   A       B       C       D       E      F
               +-------+-------+-------+-------+-------+----------------------
         Total | 100.0 | 100.0 |   6.5 |   5.1 |  72.6 | 880.8
       Dungeon | 100.0 | 100.0 |   6.5 |   5.1 |  72.6 | 880.8
               +-------+-------+-------+-------+-------+----------------------

Table legend:
 A = Kills in this place as a percentage of kills in entire the game.
 B = Kills by you in this place as a percentage of kills by you in the entire game.
 C = Kills by friends in this place as a percentage of kills by friends in the entire game.
 D = Other kills in this place as a percentage of other kills in the entire game.
 E = Experience gained in this place as a percentage of experience gained in the entire game.
 F = Experience gained in this place divided by the number of levels of this place that you have seen.
                   A       B       C       D       E      F
               +-------+-------+-------+-------+-------+----------------------
         Total | 100.0 | 100.0 |   N/A |   N/A | 100.0 |  78.5
       Dungeon | 100.0 | 100.0 |   N/A |   N/A | 100.0 |  78.5
               +-------+-------+-------+-------+-------+----------------------
